 Dungeon Crawl Stone Soup version 0.26-a0-949-ga0cc1ef5f6 (webtiles) character file.

Game seed: 16840580994185507356

11 miscthings the Vexing (level 2, -5/19 HPs)
             Began as a Vampire Enchanter on Nov 29, 2020.
             Slain by a kobold
             ... wielding a +1 dagger of electrocution
              (17 damage)
             ... on level 1 of the Dungeon.
             The game lasted 00:00:28 (196 turns).

miscthings the Vexing (Vampire Enchanter)            Turns: 196, Time: 00:00:29

Health: -5/19      AC:  2    Str:  7    XL:     2   Next: 13%
Magic:  5/5        EV: 12    Int: 17    God:
Gold:   20         SH:  0    Dex: 14    Spells: 4/5 levels left

rFire    . . .     SeeInvis +   c - +4 dagger
rCold    . . .     Faith    .   (no shield)
rNeg     . . .     Spirit   .   b - +0 robe
rPois    .         Reflect  .   (no helmet)
rElec    .         Harm     .   (no cloak)
rCorr    .         Rampage  .   (no gloves)
MR       .....                  (no boots)
Stlth    +++.......             (no amulet)
HPRegen  0.26/turn              (no ring)
MPRegen  0.09/turn              (no ring)

@: regenerating quickly
A: fangs 3, see invisible, unbreathing
a: Exsanguinate


You were on level 1 of the Dungeon.
You visited 1 branch of the dungeon, and saw 1 of its levels.

You collected 20 gold pieces.

Inventory:

Hand Weapons
 c - a +4 dagger (weapon)
Armour
 b - a +0 robe (worn)
Scrolls
 a - 3 scrolls of enchant weapon {unknown}
Potions
 d - a potion of ambrosia {unknown}
 e - a potion of resistance {unknown}


   Skills:
 - Level 1.1 Short Blades
 - Level 2.1 Dodging
 - Level 4.4 Stealth
 + Level 2.2 Spellcasting
 + Level 5.1 Hexes


You had 4 spell levels left.
You knew the following spells:

 Your Spells              Type           Power        Failure   Level
a - Corona                Hex            ###....      2%          1

Your spell library contained the following spells:

 Spells                   Type           Power        Failure   Level
 Confusing Touch          Hex            ###.....     7%          3
 Tukima's Dance           Hex            ###.....     7%          3
 Ensorcelled Hibernation  Hex/Ice        ##....       10%         2
 Dazzling Flash           Conj/Hex       ##....       21%         3


Dungeon Overview and Level Annotations

Branches:
Dungeon (1/15)

Altars:


Innate Abilities, Weirdness & Mutations

Your natural rate of healing is unusually fast.
You have razor-sharp teeth.
You have supernaturally acute eyesight. (SInv)
You can survive without breathing.


Message History

You kill the rat!
A goblin and a kobold come into view.
The kobold is wielding a +1 dagger of electrocution.
There are monsters nearby!
There are monsters nearby!
The goblin shouts!
The goblin hits you but does no damage.
You closely miss the goblin. The goblin hits you with a +0 dagger.
You miss the goblin. The goblin hits you with a +0 dagger.
You hit the goblin.
You kill the goblin!
The kobold throws a stone.
The stone hits you but does no damage.
The kobold hits you with a +1 dagger of electrocution.
Things that are here:
a +0 dagger; a goblin corpse You closely miss the kobold.
Your bite misses the kobold.
The kobold hits you with a +1 dagger of electrocution.
You are electrocuted!
Ouch! That really hurt!
You die...

#.....##### #..........
#..........
###############..........
.........................
####...###########......
#...#### #..#### #..(...#
##..... #...@..# #.....
#....K.# #######.....
.....$..................
...##........##.........
.... ....................
### #######...##......###
...##..†...#..
#####......#.. #.........


You could see a kobold.

Vanquished Creatures
  A bat (D:1)
  4 goblins (D:1)
  A hobgoblin (D:1)
  A kobold (D:1)
  A frilled lizard (D:1)
  2 rats (D:1)
10 creatures vanquished.

Notes
Turn   | Place    | Note
-------+----------+-------------------------------------------
     0 | D:1      | miscthings the Vampire Enchanter began the quest for the
                  | Orb.
     0 | D:1      | Reached XP level 1. HP: 13/13 MP: 3/3
   115 | D:1      | Reached skill level 5 in Hexes
   117 | D:1      | Reached XP level 2. HP: 19/19 MP: 5/5
   196 | D:1      | Slain by a kobold

Illustrated notes

Levels and vault maps discovered:
D:1:      lightli_arrival_maybe_door_vault, layout_basic

Skill      XL: |  1 |
---------------+----+-----
Hexes          | 5 |  5.1
Short Blades   | |  1.1
Dodging        | |  2.1
Stealth        | |  4.4
Spellcasting   | |  2.2

Action                   || total
-------------------------++-------
Melee: Dagger            ||    30
       Bite              ||     1
 Stab: Sleeping          ||     1
Armor: Robe              ||     6
Dodge: Dodged            ||    17

Table legend: (Time is in decaauts)
 A = Elapsed time spent in this place.
 B = Non-inter-level travel time spent in this place.
 C = Inter-level travel time spent in this place.
 D = Time resting spent in this place.
 E = Time spent auto-exploring this place.
 F = Levels seen in this place.
 G = Mean time per level.
                   A        B        C        D        E       F      G
               +--------+--------+--------+--------+--------+-----+--------+
         Total |    194 |    194 |      0 |     32 |     80 |   1 |  194.0 |
       Dungeon |    194 |    194 |      0 |     32 |     80 |   1 |  194.0 |
               +--------+--------+--------+--------+--------+-----+--------+

Top non-repeatable levels by time:
     D:1: 194 daAuts
